Workbook

Sheet ASP 44H - NOTURNO (44H)
A2: ASP NOTURNO 44 H SEMANAIS DE SEGUNDA-FEIRA A SÁBADO - Lucro Presumido - CONTA VINCULADA
A3: ANEXO XX do Pregão Nº XX/202X-Conta Vinculada MODELO DE PLANILHA DE CUSTOS E FORMAÇÃO DE PREÇOS
A4: Nº do processo:
A5: Licitação nº:
A6: Dia:
A7: DISCRIMINAÇÃO DOS SERVIÇOS (DADOS REFERENTES À CONTRATAÇÃO)
A8: A | B8: Data de apresentação da proposta (dia/mês/ano)
A9: B | B9: Município/UF | H9: Passo Fundo/RS
A10: C | B10: Ano do Acordo, Convenção ou Dissídio coletivo | H10: 1º de abril de 2024
A11: D | B11: Número de meses de execução contratual | H11: 60
A12: IDENTIFICAÇÃO DO SERVIÇO
A13: Tipo de serviço: Auxiliar de Vigilância Patrimonial | F13: Unidade de Medida | H13: Quantidade total a contratar (Em função da unidade de medida)
A14: 44 horas semanais diurnas - de segunda à sábado | F14: posto | H14: -
A15: 44 horas semanais noturnas - de segunda à sábado | F15: posto | H15: 2
A16: TOTAL DE POSTOS | H16: =SUM(H14:H15) -> 2
A18: Nota 1: Esta tabela poderá ser adaptada às características do serviço contratado, inclusive no que concerne às rubricas e suas respectivas provisões e/ou estimativas, desde que haja justificativa. Nota 2: As provisões constantes desta planilha poderão ser desnecessárias quando se tratar de determinados serviços que prescindam da dedicação exclusiva dos trabalhadores da contratada para com a Administração.
A20: 1. MÓDULOS Mão de obra Mão de obra vinculada à execução contratual
A22: Dados para composição dos custos referente à mão de obra
A23: 1 | B23: Tipo de serviço (mesmo serviço com características distintas) | H23: Auxilar de Serviços Patrimoniais
A24: 2 | B24: Classificação Brasileira de Ocupações (CBO) | H24: 5174-20
A25: 3 | B25: Salário Normativo da Categoria Profissional | H25: 1654.4
A26: 4 | B26: Categoria Profissional (vinculada à execução contratual) | H26: Aux. Serv. Patrimoniais
A27: 5 | B27: Data-Base da Categoria (dia/mês/ano) | H27: 1º de abril de 2024
A28: 6 | B28: Valor do salárioxhora sem periculosidade - VSH (s/peri) = (Valor do salário normativo / 220 h) | H28: =ROUND((H25/220),2) -> 7.52
A29: 7 | B29: Valor da hora extra sem periculosidade com 50% HE (s/peri) = valor da hora + 50% | H29: =TRUNC(H28*1.5,2) -> 11.28
A30: 8 | B30: Valor da hora do adicional noturno sem periculosidade AN (s/peri) = valor da hora x 20% | H30: =ROUND(H28*0.2,2) -> 1.5
A31: 9 | B31: Quantidade de ASP por posto de serviço | H31: 1
A33: Nota 1: Deverá ser elaborado um quadro para cada tipo de serviço. Nota 2: A planilha será calculada considerando o valor mensal do empregado
A35: Módulo 1: Composição da Remuneração (por Posto)
A36: 1 | B36: Composição da Remuneração (por Posto) | H36: Percentual (%) | I36: Valor (R$)
A37: A | B37: Salário-Base (valor para 1 ASP = 1 posto) (cláusulas 5ª e 6ª da CCT 2024/2025) | I37: =H25*H31 -> 1654.4
A38: B | B38: Adicional Noturno sobre: 1) 7h de 60min p/dia + 2) 1,0 h reduzida noturna p/dia para o RS Cálculo do valor: AN (s/peri) x 1h)x22dx1ASP. Das 22h às 23h. (cláusulas 26 da CCT 2024/2025) | I38: =ROUND(1*1*22*H30,2) -> 33
A39: C | B39: Adicional de Hora Noturna Reduzida (Hora Reduzida Noturna como Extra) (HRN) Cálculo do valor: (Valor da hora + 50%) x 1 h x 22D x (60min-52,5min) / 60 min x 1 ASP) Das 22h às 23h (art. 73 da CLT e cláusula 74 da CCT 2024/2025) | I39: =ROUND(H29*H31*22*((60-52.5)/60),2) -> 31.02
A40: D | B40: RSR (Repouso Semanal Remunerado) - Cálculo do valor: 20% sobre os adicionais pertinentes) - (cláusula 16 da CCT 2024/2025) | I40: =ROUND(SUM(I38:I39)*0.2,2) -> 12.8
A41: Remuneração 1 = Total da Remuneração de verbas de natureza salarial nas quais incidem INSS + FGTS + Férias + 13º, etc. | I41: =SUM(I37:I40) -> 1731.22
A43: E | B43: Intervalo Intrajornada (Adicional de Intervalo) Cálculo do valor: HE (s/peri) x 15d x2vigx0,5h) - (cláusula 65 da CCT 2024/2025) - este posto fará intervalo para refeições | I43: 0
A44: Total da verba de natureza salarial na qual incidem somente INSS (mais terceiras entidades) e FGTS, em face da Solução de Consulta RFB/Cosit nº 108/2023 e Parecer Jurídico - Empregado só recebe se estiver trabalhando. Consulte sua assessoria jurídica | I44: =I43 -> 0
A46: Remuneração 2 = Total da Remuneração que o empregado irá receber- Valor entra nos seguintes cálculos: Item 2, "A" - Quadro-Resumo do Custo por Posto de Trabalho, Custos Indiretos, Lucro e Tributos. | I46: =I41+I44 -> 1731.22
A48: Nota1: O Módulo 1 refere-se ao valor mensal devido ao empregado pela prestação do serviço no período de 12 meses.
A50: Módulo 2 : Encargos e Benefícios Anuais, Mensais e Diários
A51: Submódulo 2.1 – 13º (décimo terceiro) Salário (Férias???) e Adicional de Férias
A52: 2.1 | B52: 13º (décimo terceiro) Salário (Férias???) e Adicional de Férias | I52: Valor (R$)
A53: A | B53: 13º (décimo terceiro) Salário Obrigatória a cotação de 8,33% sobre o valor do Módulo 1 – Composição da Remuneração1, conforme Anexo XII da IN 5/17 | H53: 0.0833 | I53: =ROUND(I41*H53,2) -> 144.21
A54: B | B54: Adicional de Férias Obrigatória a cotação de 3,025% sobre o valor do Módulo 1 – Composição da Remuneração1. É vedada a cotação de Férias neste Submódulo, em face de tratar-se de Conta Vinculada. O custo do empregado substituto, quando o titular gozar férias, deverá ser previsto no Submódulo 4.1.A. Isso demonstra que a provisão de Férias neste Submódulo não teria finalidade, em razão de que o pagamento do titular no seu mês de gozo de férias será feito pelo Módulo 1 - Composição da Remuneração. Na hipótese de o contrato não ser prorrogado, o pagamento relativo a Férias do empregado deverá ser efetivado pela provisão feita no Submódulo 4.1.A. | H54: 0.03025 | I54: =ROUND(I41*H54,2) -> 52.37
A55: Total | I55: =SUM(I53+I54) -> 196.58
A56: Nota 1: Como a planilha de custos e formação de preços é calculada mensalmente, provisiona-se proporcionalmente 1/12 (um doze avos) dos valores referentes à gratificação natalina e adicional de férias. Nota 2: O adicional de férias contido no Submódulo 2.1 corresponde a 3,025% do Módulo 1, em face do Anexo XII da IN nº 5/2017 exigir 12,10% no somatório de Férias + 1/3 de Férias (9,075% + 3,025%).
A58: Submódulo 2.2 - Encargos Previdenciários (GPS), Fundo de Garantia por Tempo de Serviço (FGTS) e outras contribuições (Base de Cálculo = Módulo 1 (Rem1) + Submódulo 2.1 + Intervalo Intrajornada)
A59: 2.2 | B59: GPS, FGTS e outras contribuições | H59: Percentual (%) | I59: Valor (R$)
A60: A | B60: INSS | H60: 0.2 | I60: =ROUND(($I$41+$I$55+$I$44)*H60,2) -> 385.56
A61: B | B61: Salário Educação | H61: 0.025 | I61: =ROUND(($I$41+$I$55+$I$44)*H61,2) -> 48.2
A62: C | B62: RAT x FAP Cálculo do valor: % do RAT (Riscos Ambientais do Trabalho) x FAP (Fator Acidentário de Prevenção de cada empresa) | D62: RAT = | E62: 0.03 | F62: FAP = | G62: 1 | H62: =ROUND((E62*G62),6) -> 0.03 | I62: =ROUND(($I$41+$I$55+$I$44)*H62,2) -> 57.83
A63: D | B63: SESC ou SESI | H63: 0.015 | I63: =ROUND(($I$41+$I$55+$I$44)*H63,2) -> 28.92
A64: E | B64: SENAC ou SENAI | H64: 0.01 | I64: =ROUND(($I$41+$I$55+$I$44)*H64,2) -> 19.28
A65: F | B65: SEBRAE | H65: 0.006 | I65: =ROUND(($I$41+$I$55+$I$44)*H65,2) -> 11.57
A66: G | B66: INCRA | H66: 0.002 | I66: =ROUND(($I$41+$I$55+$I$44)*H66,2) -> 3.86
A67: H | B67: FGTS | H67: 0.08 | I67: =ROUND(($I$41+$I$55+$I$44)*H67,2) -> 154.22
A68: Total | H68: =SUM(H60:H67) -> 0.368 | I68: =SUM(I60:I67) -> 709.44
A70: Nota 1: Os percentuais dos encargos previdenciários, do FGTS e demais contribuições são aqueles estabelecidos pela legislação vigente. Nota 2: O SAT a depender do grau de risco do serviço irá variar entre 1%, para risco leve, de 2% para risco médio, e de 3% para risco grave. Nota 3: Esses percentuais incidem sobre o Módulo 1, o Submódulo 2.1.
A72: Submódulo 2.3 – Benefícios Mensais e Diários
A73: 2.3 | B73: Benefícios Mensais e Diários | I73: Valor (R$)
A74: A | B74: Transporte Cálculo do valor: [(2xVTx30) – (6%xSB)] | I74: =IF(ROUND((H75*H77*H76)-(I37*H78),2)<0,0,ROUND((H75*H77*H76)-(I37*H78),2)) -> 158.14
B75: A.1) Valor da passagem do transporte coletivo no município de prestação dos serviços (Decreto Municipal P. Fundo nº 113/2024) | H75: 4.95 | I75: -
B76: A.2) Quantidade de passagens por dia por empregado | H76: 2 | I76: -
B77: A.3) Quantidade de dias do mês de recebimento de passagens | H77: 26
B78: A.4) Participação do empregado em percentual do salário-base (cláusula 32 da CCT 2024/2025) | H78: 0.06
A79: B | B79: Auxílio-Refeição/Alimentação Cálculo do valor = [(30xVA)x(1-0,20)] | I79: =ROUND(H81*H80*(1-H82),2)*1+ROUND(21.726*6*(1-H82),2)*0 -> 561.6
B80: B.1) Valor do Auxílio-Alimentação (cláusula 30 da CCT 2024/2025) | H80: 27 | I80: -
B81: B.2) Quantidade de dias do mês de recebimento de auxílio-alimentação | H81: 26
B82: B.3) Participação do empregado em percentual sobre o auxílio-alimentação (cláusula 30 da CCT 2024/2025) | H82: 0.2
A83: C | B83: Assistência Médica e Familiar | I83: 0
A84: D | B84: Seguro de Vida (cláusula 34 da CCT 2024/2025) Cálculo do valor: 26 x Remx 0,023% O valor cotado pelo licitante deve ser fixado na planilha e somente deve ser alterado mediante repactuação com comprovação do aumento. Depois da licitação, excluir a fórmula | I84: =ROUND(I41*26*0.00023,2) -> 10.35
A85: E | B85: Auxílio-Funeral (cláusula 33 da CCT 2024/2025) Cálculo do valor: [(SB x 0,52066%)/12] O valor cotado pelo licitante deve ser fixado na planilha e somente deve ser alterado mediante repactuação com comprovação do aumento. Depois da licitação, excluir a fórmula | I85: =ROUND(($I$37*0.0052066)/12,2) -> 0.72
A86: F | B86: Ajuda de Custo Cálculo do valor: (SB x 10%) (cláusula 28 da CCT 2024/2025) | I86: =ROUND(($I$37*0.1),2) -> 165.44
B87: Total | I87: =SUM(I74:I86) -> 896.25
A89: Nota 1: o valor informado deverá ser o custo real do insumo (descontado o valor eventualmente pago pelo empregado). Nota 2: Observar a previsão dos benefícios contidos em Acordos, Convenções e Dissídios Coletivos de Trabalho e atentar-se ao disposto no artigo 6º desta Instrução Normativa.
A91: Quadro-Resumo do Módulo 2 – Encargos e Benefícios Anuais, Mensais e Diários
A92: 2 | B92: Encargos e Benefícios Anuais, Mensais e Diários | I92: Valor (R$)
A93: 2.1 | B93: 13º (décimo terceiro) Salário (Férias???) e Adicional de Férias | I93: =I55 -> 196.58
A94: 2.2 | B94: GPS, FGTS e outras contribuições | I94: =I68 -> 709.44
A95: 2.3 | B95: Benefícios Mensais e Diários | I95: =I87 -> 896.25
A96: Total | I96: =SUM(I93+I94+I95) -> 1802.27
A98: Módulo 3 - Provisão para Rescisão
A99: 3 | B99: Provisão para Rescisão | I99: Valor (R$)
A100: A | B100: Aviso Prévio Indenizado Cálculo do valor = [Rem/12 + 13º/12 + (Férias + 1/3 Férias)/12] x (30 dias/30=1) x 5% de rotatividade anual - Os reflexos de 13º, F e 1/3F são referentes a 1 mês de APInd - Decorridos 12 meses de execução contratual, por ocasião do primeiro reajuste, repatuação ou prorrogação, poderão ser considerados 03 dias conforme Lei nº 12.506/2011, dependendo da análise do nº de ocorrências deste evento no período. | I100: =ROUND(((I41/12)+($I$53/12)+(I41*0.121/12))*(30/30)*5%,2) -> 8.69
A101: B | B101: Incidência do FGTS sobre o Aviso Prévio Indenizado | I101: =ROUND($H$67*I100,2) -> 0.7
A102: C | B102: Aviso Prévio Trabalhado Cálculo do valor = [(Rem1/30)x7]/ 12 meses de execução contraual x (30 dias / 30) x 100% do empregados. Decorridos 12 meses de execução contratual, negociar extinção/redução, por ocasição do primeiro reajuste, repactuação ou prorrogação. (Esta rubrica prevê 30 dias de aviso prévio, no entanto, decorridos 12 meses de execução, já integralmente provisioandos durante os primeiros 12 meses de execução contratual, o empregado tem direito a mais 03 dias de aviso prévio trabalhado para cada ano trabalhado, conforme Lei nº 12.506, dependendo da análise do nº de ocorrências deste evendo durante o período). | I102: =ROUND(($I$41*(7/30)/12*(30/30))*100%,2) -> 33.66
A103: D | B103: Incidência de GPS, FGTS e outras contribuições sobre o Aviso Prévio Trabalhado | I103: =ROUND($H$68*I102,2) -> 12.39
A104: E | B104: Multa do FGTS sobre o Aviso PrévioTrabalhado e Aviso Prévio IndenizadoObrigatória a cotação de 4% sobre o valor do Módulo 1 – Composição da Remuneração1, conforme Anexo XII da IN Seges nº 5/2017 | H104: 0.04 | I104: =ROUND(I41*H104,2) -> 69.25
A105: TOTAL | I105: =SUM(I100:I104) -> 124.69
A107: Módulo 4 - Custo de Reposição do Profissional Ausente
A108: Nota 1: Os itens que contemplam o módulo 4 se referem ao custo dos dias trabalhados pelo repositor/substituto quando o empregado alocado na prestação do serviço estiver ausente, conforme as previsões estabelecidas na legislação.
A109: Base de cálculo para o Custo de Reposição do Profissional Ausente (substituto): BCCPA = MÓDULO 1 (= a Rem1) + MÓDULO 2 (- VA - VT) + FÉRIAS + MÓDULO 3 - exceto o Substituto na cobertura de Férias e o Afastamento Maternidade, sendo que neste último a Rem e o 13º podem ser compensados pelo INSS, ambos com base de cálculo própria, conforme consta nesses itens de custo.
A111: MÓD 1 (= a Rem1)= | B111: =I41 -> 1731.22 | D111: MÓD 2 (sem VA e VT) +Férias = | E111: =I96-I74-I79 +I115 -> 1297.4565 | G111: MÓD 3 = | H111: =I105 -> 124.69 | I111: =B111+E111+H111 -> 3153.3665
A113: Submódulo 4.1 – Substituto nas Ausências Legais
A114: 4.1 | B114: Substituto nas Ausências Legais | I114: Valor (R$)
A115: A | B115: Substituto na cobertura de Férias Obrigatória a cotação de 9,075% sobre o valor do Módulo 1 - Composição da Remuneração, mais o percentual do Submódulo 2.2 sobre o cálculo anterior, conforme Anexo XII da IN 5/17 (Férias + Adicional = 12,10% = 9,075% + 3,025%) | G115: 0.09075 | H115: =H68 -> 0.368 | I115: =ROUND(G115*I41,2)*(1+H115) -> 214.92648
A116: B | B116: Substituto na cobertura de Ausências Legais Cálculo do valor = [(BCCPA/30)x1dia]/12 | I116: =ROUND((1/30)/12*(I111),2) -> 8.76
A117: C | B117: Substituto na cobertura de Licença-Paternidade Cálculo do valor = {[(BCCPA/30)x5dias]/12}x1,5% | I117: =ROUND((5/30)/12*0.015*(I111),2) -> 0.66
A118: D | B118: Substituto na cobertura de Ausência por acidente de trabalho Cálculo do valor = [(BCCPA)/30x0,69dias]/12 | I118: =ROUND(((($I$111)/30)*0.69)/12,2) -> 6.04
A119: E | B119: Substituto na cobertura de Afastamento Maternidade Cálculo do valor = [((Férias + Férias / 3) + SUB2.2 x (Férias + Férias / 3)) x (4/12)] x 2% + [( FGTS x Rem + SUB 2.2 x 13º + SUB2.3 – VA – VT + MÓD3) x (4/12)] } x 2% Não incide Contribuição Previdenciária Patronal (INSS + 3ªs entidades) sobre a Remuneração da empregada residente nos 4 meses de Afastamento, conforme Solução de Consulta Cosit/RFB nº 27/2023, públicada na pág. 20 da Seção 1 do DOU de 09/02/2023. A Remuneração e o 13º da empregada residente poderão ser compensados, por isso não constam da fórmula. | I119: =ROUND((((B111*0.121)+(H68)*(B111*0.121))*(4/12))*0.02,2)+ROUND(((H67*B111 + H68*I53+I87-I74-I79+I105)*4/12)*0.02,2) -> 5.2
...

Sheet ASP 44H - DIURNO (44H)
A2: ASP DIURNO 44 H SEMANAIS DE SEGUNDA-FEIRA A SÁBADO - Lucro Presumido - CONTA VINCULADA
A3: ANEXO XX do Pregão Nº XX/202X-Conta Vinculada MODELO DE PLANILHA DE CUSTOS E FORMAÇÃO DE PREÇOS
A4: Nº do processo:
A5: Licitação nº:
A6: Dia:
A7: DISCRIMINAÇÃO DOS SERVIÇOS (DADOS REFERENTES À CONTRATAÇÃO)
A8: A | B8: Data de apresentação da proposta (dia/mês/ano)
A9: B | B9: Município/UF | H9: Passo Fundo/RS
A10: C | B10: Ano do Acordo, Convenção ou Dissídio coletivo | H10: 1º de abril de 2024
A11: D | B11: Número de meses de execução contratual | H11: 60
A12: IDENTIFICAÇÃO DO SERVIÇO
A13: Tipo de serviço: Auxiliar de Vigilância Patrimonial | F13: Unidade de Medida | H13: Quantidade total a contratar (Em função da unidade de medida)
A14: 44 horas semanais diurnas - de segunda à sábado | F14: posto | H14: 2
A15: 44 horas semanais noturnas - de segunda à sábado | F15: posto | H15: -
A16: TOTAL DE POSTOS | H16: =SUM(H14:H15) -> 2
A18: Nota 1: Esta tabela poderá ser adaptada às características do serviço contratado, inclusive no que concerne às rubricas e suas respectivas provisões e/ou estimativas, desde que haja justificativa. Nota 2: As provisões constantes desta planilha poderão ser desnecessárias quando se tratar de determinados serviços que prescindam da dedicação exclusiva dos trabalhadores da contratada para com a Administração.
A20: 1. MÓDULOS Mão de obra Mão de obra vinculada à execução contratual
A22: Dados para composição dos custos referente à mão de obra
A23: 1 | B23: Tipo de serviço (mesmo serviço com características distintas) | H23: Auxilar de Serviços Patrimoniais
A24: 2 | B24: Classificação Brasileira de Ocupações (CBO) | H24: 5174-20
A25: 3 | B25: Salário Normativo da Categoria Profissional | H25: 1654.4
A26: 4 | B26: Categoria Profissional (vinculada à execução contratual) | H26: Aux. Serv. Patrimoniais
A27: 5 | B27: Data-Base da Categoria (dia/mês/ano) | H27: 1º de abril de 2024
A28: 6 | B28: Valor do salárioxhora sem periculosidade - VSH (s/peri) = (Valor do salário normativo / 220 h) | H28: =ROUND((H25/220),2) -> 7.52
A29: 7 | B29: Valor da hora extra sem periculosidade com 50% HE (s/peri) = valor da hora + 50% | H29: =TRUNC(H28*1.5,2) -> 11.28
A30: 8 | B30: Valor da hora do adicional noturno sem periculosidade AN (s/peri) = valor da hora x 20% | H30: =ROUND(H28*0.2,2) -> 1.5
A31: 9 | B31: Quantidade de ASP por posto de serviço | H31: 1
A33: Nota 1: Deverá ser elaborado um quadro para cada tipo de serviço. Nota 2: A planilha será calculada considerando o valor mensal do empregado
A35: Módulo 1: Composição da Remuneração (por Posto)
A36: 1 | B36: Composição da Remuneração (por Posto) | H36: Percentual (%) | I36: Valor (R$)
A37: A | B37: Salário-Base (valor para 2 vigilantes = 1 posto) (cláusulas 5ª e 6ª da CCT 2024/2025) | I37: =H25*H31 -> 1654.4
A38: B | B38: Adicional Noturno sobre: 1) 7h de 60min p/dia + 2) 1,0 h reduzida noturna p/dia para o RS Cálculo do valor: AN (s/peri) x 1h)x22dx1ASP. (cláusulas 26 da CCT 2024/2025) Este posto não atuará após as 22h. | I38: =ROUND(2*8*0*H30,2) -> 0
A39: C | B39: Adicional de Hora Noturna Reduzida (Hora Reduzida Noturna como Extra) (HRN) Cálculo do valor: (Valor da hora + 50%) x 1 h x 22D x (60min-52,5min) / 60 min x 1 ASP). (art. 73 da CLT e cláusula 74 da CCT 2024/2025) Este Posto não atuará após as 22h. | I39: =ROUND(H29*H31*0*((60-52.5)/60),2) -> 0
A40: D | B40: RSR (Repouso Semanal Remunerado) - Cálculo do valor: 20% sobre os adicionais pertinentes) - (cláusula 16 da CCT 2024/2025) | I40: =ROUND(SUM(I38:I39)*0.2,2) -> 0
A41: Remuneração 1 = Total da Remuneração de verbas de natureza salarial nas quais incidem INSS + FGTS + Férias + 13º, etc. | I41: =SUM(I37:I40) -> 1654.4
A43: E | B43: Intervalo Intrajornada (Adicional de Intervalo) Cálculo do valor: HE (s/peri) x 15d x2vigx0,5h) - (cláusula 65 da CCT 2024/2025) - este posto fará intervalo para refeições | I43: 0
A44: Total da verba de natureza salarial na qual incidem somente INSS (mais terceiras entidades) e FGTS, em face da Solução de Consulta RFB/Cosit nº 108/2023 e Parecer Jurídico - Empregado só recebe se estiver trabalhando. Consulte sua assessoria jurídica | I44: =I43 -> 0
A46: Remuneração 2 = Total da Remuneração que o empregado irá receber- Valor entra nos seguintes cálculos: Item 2, "A" - Quadro-Resumo do Custo por Posto de Trabalho, Custos Indiretos, Lucro e Tributos. | I46: =I41+I44 -> 1654.4
A48: Nota1: O Módulo 1 refere-se ao valor mensal devido ao empregado pela prestação do serviço no período de 12 meses.
A50: Módulo 2 : Encargos e Benefícios Anuais, Mensais e Diários
A51: Submódulo 2.1 – 13º (décimo terceiro) Salário (Férias???) e Adicional de Férias
A52: 2.1 | B52: 13º (décimo terceiro) Salário (Férias???) e Adicional de Férias | I52: Valor (R$)
A53: A | B53: 13º (décimo terceiro) Salário Obrigatória a cotação de 8,33% sobre o valor do Módulo 1 – Composição da Remuneração1, conforme Anexo XII da IN 5/17 | H53: 0.0833 | I53: =ROUND(I41*H53,2) -> 137.81
A54: B | B54: Adicional de Férias Obrigatória a cotação de 3,025% sobre o valor do Módulo 1 – Composição da Remuneração1. É vedada a cotação de Férias neste Submódulo, em face de tratar-se de Conta Vinculada. O custo do empregado substituto, quando o titular gozar férias, deverá ser previsto no Submódulo 4.1.A. Isso demonstra que a provisão de Férias neste Submódulo não teria finalidade, em razão de que o pagamento do titular no seu mês de gozo de férias será feito pelo Módulo 1 - Composição da Remuneração. Na hipótese de o contrato não ser prorrogado, o pagamento relativo a Férias do empregado deverá ser efetivado pela provisão feita no Submódulo 4.1.A. | H54: 0.03025 | I54: =ROUND(I41*H54,2) -> 50.05
A55: Total | I55: =SUM(I53+I54) -> 187.86
A56: Nota 1: Como a planilha de custos e formação de preços é calculada mensalmente, provisiona-se proporcionalmente 1/12 (um doze avos) dos valores referentes à gratificação natalina e adicional de férias. Nota 2: O adicional de férias contido no Submódulo 2.1 corresponde a 3,025% do Módulo 1, em face do Anexo XII da IN nº 5/2017 exigir 12,10% no somatório de Férias + 1/3 de Férias (9,075% + 3,025%).
A58: Submódulo 2.2 - Encargos Previdenciários (GPS), Fundo de Garantia por Tempo de Serviço (FGTS) e outras contribuições (Base de Cálculo = Módulo 1 (Rem1) + Submódulo 2.1 + Intervalo Intrajornada)
A59: 2.2 | B59: GPS, FGTS e outras contribuições | H59: Percentual (%) | I59: Valor (R$)
A60: A | B60: INSS | H60: 0.2 | I60: =ROUND(($I$41+$I$55+$I$44)*H60,2) -> 368.45
A61: B | B61: Salário Educação | H61: 0.025 | I61: =ROUND(($I$41+$I$55+$I$44)*H61,2) -> 46.06
A62: C | B62: RAT x FAP Cálculo do valor: % do RAT (Riscos Ambientais do Trabalho) x FAP (Fator Acidentário de Prevenção de cada empresa) | D62: RAT = | E62: 0.03 | F62: FAP = | G62: 1 | H62: =ROUND((E62*G62),6) -> 0.03 | I62: =ROUND(($I$41+$I$55+$I$44)*H62,2) -> 55.27
A63: D | B63: SESC ou SESI | H63: 0.015 | I63: =ROUND(($I$41+$I$55+$I$44)*H63,2) -> 27.63
A64: E | B64: SENAC ou SENAI | H64: 0.01 | I64: =ROUND(($I$41+$I$55+$I$44)*H64,2) -> 18.42
A65: F | B65: SEBRAE | H65: 0.006 | I65: =ROUND(($I$41+$I$55+$I$44)*H65,2) -> 11.05
A66: G | B66: INCRA | H66: 0.002 | I66: =ROUND(($I$41+$I$55+$I$44)*H66,2) -> 3.68
A67: H | B67: FGTS | H67: 0.08 | I67: =ROUND(($I$41+$I$55+$I$44)*H67,2) -> 147.38
A68: Total | H68: =SUM(H60:H67) -> 0.368 | I68: =SUM(I60:I67) -> 677.94
A70: Nota 1: Os percentuais dos encargos previdenciários, do FGTS e demais contribuições são aqueles estabelecidos pela legislação vigente. Nota 2: O SAT a depender do grau de risco do serviço irá variar entre 1%, para risco leve, de 2% para risco médio, e de 3% para risco grave. Nota 3: Esses percentuais incidem sobre o Módulo 1, o Submódulo 2.1.
A72: Submódulo 2.3 – Benefícios Mensais e Diários
A73: 2.3 | B73: Benefícios Mensais e Diários | I73: Valor (R$)
A74: A | B74: Transporte Cálculo do valor: [(2xVTx30) – (6%xSB)] | I74: =IF(ROUND((H75*H77*H76)-(I37*H78),2)<0,0,ROUND((H75*H77*H76)-(I37*H78),2)) -> 158.14
B75: A.1) Valor da passagem do transporte coletivo no município de prestação dos serviços (Decreto Municipal P. Fundo nº 113/2024) | H75: 4.95 | I75: -
B76: A.2) Quantidade de passagens por dia por empregado | H76: 2 | I76: -
B77: A.3) Quantidade de dias do mês de recebimento de passagens | H77: 26
B78: A.4) Participação do empregado em percentual do salário-base (cláusula 32 da CCT 2024/2025) | H78: 0.06
A79: B | B79: Auxílio-Refeição/Alimentação Cálculo do valor = [(30xVA)x(1-0,20)] | I79: =ROUND(H81*H80*(1-H82),2)*1+ROUND(21.726*6*(1-H82),2)*0 -> 561.6
B80: B.1) Valor do Auxílio-Alimentação (cláusula 30 da CCT 2024/2025) | H80: 27 | I80: -
B81: B.2) Quantidade de dias do mês de recebimento de auxílio-alimentação | H81: 26
B82: B.3) Participação do empregado em percentual sobre o auxílio-alimentação (cláusula 30 da CCT 2024/2025) | H82: 0.2
A83: C | B83: Assistência Médica e Familiar | I83: 0
A84: D | B84: Seguro de Vida (cláusula 34 da CCT 2024/2025) Cálculo do valor: 26 x Remx 0,023% O valor cotado pelo licitante deve ser fixado na planilha e somente deve ser alterado mediante repactuação com comprovação do aumento. Depois da licitação, excluir a fórmula | I84: =ROUND(I41*26*0.00023,2) -> 9.89
A85: E | B85: Auxílio-Funeral (cláusula 33 da CCT 2024/2025) Cálculo do valor: [(SB x 0,52066%)/12] O valor cotado pelo licitante deve ser fixado na planilha e somente deve ser alterado mediante repactuação com comprovação do aumento. Depois da licitação, excluir a fórmula | I85: =ROUND(($I$37*0.0052066)/12,2) -> 0.72
A86: F | B86: Ajuda de Custo Cálculo do valor: (SB x 10%) (cláusula 28 da CCT 2024/2025) | I86: =ROUND(($I$37*0.1),2) -> 165.44
B87: Total | I87: =SUM(I74:I86) -> 895.79
A89: Nota 1: o valor informado deverá ser o custo real do insumo (descontado o valor eventualmente pago pelo empregado). Nota 2: Observar a previsão dos benefícios contidos em Acordos, Convenções e Dissídios Coletivos de Trabalho e atentar-se ao disposto no artigo 6º desta Instrução Normativa.
A91: Quadro-Resumo do Módulo 2 – Encargos e Benefícios Anuais, Mensais e Diários
A92: 2 | B92: Encargos e Benefícios Anuais, Mensais e Diários | I92: Valor (R$)
A93: 2.1 | B93: 13º (décimo terceiro) Salário (Férias???) e Adicional de Férias | I93: =I55 -> 187.86
A94: 2.2 | B94: GPS, FGTS e outras contribuições | I94: =I68 -> 677.94
A95: 2.3 | B95: Benefícios Mensais e Diários | I95: =I87 -> 895.79
A96: Total | I96: =SUM(I93+I94+I95) -> 1761.59
A98: Módulo 3 - Provisão para Rescisão
A99: 3 | B99: Provisão para Rescisão | I99: Valor (R$)
A100: A | B100: Aviso Prévio Indenizado Cálculo do valor = [Rem/12 + 13º/12 + (Férias + 1/3 Férias)/12] x (30 dias/30=1) x 5% de rotatividade anual - Os reflexos de 13º, F e 1/3F são referentes a 1 mês de APInd - Decorridos 12 meses de execução contratual, por ocasião do primeiro reajuste, repatuação ou prorrogação, poderão ser considerados 03 dias conforme Lei nº 12.506/2011, dependendo da análise do nº de ocorrências deste evento no período. | I100: =ROUND(((I41/12)+($I$53/12)+(I41*0.121/12))*(30/30)*5%,2) -> 8.3
A101: B | B101: Incidência do FGTS sobre o Aviso Prévio Indenizado | I101: =ROUND($H$67*I100,2) -> 0.66
A102: C | B102: Aviso Prévio Trabalhado Cálculo do valor = [(Rem1/30)x7]/ 12 meses de execução contraual x (30 dias / 30) x 100% do empregados. Decorridos 12 meses de execução contratual, negociar extinção/redução, por ocasição do primeiro reajuste, repactuação ou prorrogação. (Esta rubrica prevê 30 dias de aviso prévio, no entanto, decorridos 12 meses de execução, já integralmente provisioandos durante os primeiros 12 meses de execução contratual, o empregado tem direito a mais 03 dias de aviso prévio trabalhado para cada ano trabalhado, conforme Lei nº 12.506, dependendo da análise do nº de ocorrências deste evendo durante o período). | I102: =ROUND(($I$41*(7/30)/12*(30/30))*100%,2) -> 32.17
A103: D | B103: Incidência de GPS, FGTS e outras contribuições sobre o Aviso Prévio Trabalhado | I103: =ROUND($H$68*I102,2) -> 11.84
A104: E | B104: Multa do FGTS sobre o Aviso PrévioTrabalhado e Aviso Prévio IndenizadoObrigatória a cotação de 4% sobre o valor do Módulo 1 – Composição da Remuneração1, conforme Anexo XII da IN Seges nº 5/2017 | H104: 0.04 | I104: =ROUND(I41*H104,2) -> 66.18
A105: TOTAL | I105: =SUM(I100:I104) -> 119.15
A107: Módulo 4 - Custo de Reposição do Profissional Ausente
A108: Nota 1: Os itens que contemplam o módulo 4 se referem ao custo dos dias trabalhados pelo repositor/substituto quando o empregado alocado na prestação do serviço estiver ausente, conforme as previsões estabelecidas na legislação.
A109: Base de cálculo para o Custo de Reposição do Profissional Ausente (substituto): BCCPA = MÓDULO 1 (= a Rem1) + MÓDULO 2 (- VA - VT) + FÉRIAS + MÓDULO 3 - exceto o Substituto na cobertura de Férias e o Afastamento Maternidade, sendo que neste último a Rem e o 13º podem ser compensados pelo INSS, ambos com base de cálculo própria, conforme consta nesses itens de custo.
A111: MÓD 1 (= a Rem1)= | B111: =I41 -> 1654.4 | D111: MÓD 2 (sem VA e VT) +Férias = | E111: =I96-I74-I79 +I115 -> 1247.2415 | G111: MÓD 3 = | H111: =I105 -> 119.15 | I111: =B111+E111+H111 -> 3020.7915 | J111: =I111+I115 -> 3226.183
A113: Submódulo 4.1 – Substituto nas Ausências Legais
A114: 4.1 | B114: Substituto nas Ausências Legais | I114: Valor (R$)
A115: A | B115: Substituto na cobertura de Férias Obrigatória a cotação de 9,075% sobre o valor do Módulo 1 - Composição da Remuneração, mais o percentual do Submódulo 2.2 sobre o cálculo anterior, conforme Anexo XII da IN 5/17 (Férias + Adicional = 12,10% = 9,075% + 3,025%) | G115: 0.09075 | H115: =H68 -> 0.368 | I115: =ROUND(G115*I41,2)*(1+H115) -> 205.39152
A116: B | B116: Substituto na cobertura de Ausências Legais Cálculo do valor = [(BCCPA/30)x1dia]/12 | I116: =ROUND((1/30)/12*(I111),2) -> 8.39
A117: C | B117: Substituto na cobertura de Licença-Paternidade Cálculo do valor = {[(BCCPA/30)x5dias]/12}x1,5% | I117: =ROUND((5/30)/12*0.015*(I111),2) -> 0.63
A118: D | B118: Substituto na cobertura de Ausência por acidente de trabalho Cálculo do valor = [(BCCPA)/30x0,69dias]/12 | I118: =ROUND(((($I$111)/30)*0.69)/12,2) -> 5.79
A119: E | B119: Substituto na cobertura de Afastamento Maternidade Cálculo do valor = [((Férias + Férias / 3) + SUB2.2 x (Férias + Férias / 3)) x (4/12)] x 2% + [( FGTS x Rem + SUB 2.2 x 13º + SUB2.3 – VA – VT + MÓD3) x (4/12)] } x 2% Não incide Contribuição Previdenciária Patronal (INSS + 3ªs entidades) sobre a Remuneração da empregada residente nos 4 meses de Afastamento, conforme Solução de Consulta Cosit/RFB nº 27/2023, públicada na pág. 20 da Seção 1 do DOU de 09/02/2023. A Remuneração e o 13º da empregada residente poderão ser compensados, por isso não constam da fórmula. | I119: =ROUND((((B111*0.121)+(H68)*(B111*0.121))*(4/12))*0.02,2)+ROUND(((H67*B111 + H68*I53+I87-I74-I79+I105)*4/12)*0.02,2) -> 5.02
...

Sheet INSUMOS DOS POSTOS
B2: INSUMOS DIVERSOS - ASP (Auxiliar de Serviços Patrimoniais)
C5: MATERIAIS - ASP | D5: Unidade | E5: Quantidade a disponibilizar por posto | F5: Vida Útil (em meses) | G5: Quantidade Anual | H5: Valor Unitário | I5: Custo Anual
C6: Crachá | D6: pç | E6: 2 | F6: 24 | G6: =12/F6*E6 -> 1 | H6: 6.94 | I6: =G6*H6 -> 6.94
C8: CUSTO ANUAL DOS UTENSÍLIOS | I8: =SUM(I6:I7) -> 6.94
C9: CUSTO MENSAL DOS UTENSÍLIOS | I9: =I8/12 -> 0.57833333
C11: EQUIPAMENTOS - ASP | D11: Unidade | E11: Quantidade a disponibilizar por posto | F11: Depreciação (em meses) | G11: Quantidade Anual | H11: Valor Unitário | I11: Custo Anual
C12: Radios comunicadores *(especificar alcance e canal) | D12: pç | E12: 2 | F12: 60 | G12: =12/F12*E12 -> 0.4 | H12: 590.45 | I12: =G12*H12 -> 236.18
C14: CUSTO ANUAL DOS EQUIPAMENTOS | I14: =SUM(I12:I13) -> 236.18
C15: CUSTO MENSAL DOS EQUIPAMENTOS | I15: =I14/12 -> 19.681667
C17: UNIFORMES - ASP (individual para posto) | D17: Unidade | E17: Quantidade semestral por trabalhador | F17: Quantidade anual por trabalhador | G17: Quantidade anual por posto | H17: Valor Unitário | I17: Custo Anual
C18: Calça | D18: pç | E18: 2 | F18: =E18*2 -> 4 | G18: =F18 -> 4 | H18: 75 | I18: =G18*H18 -> 300
C19: Camisa de manga curta | D19: unidade | E19: 2 | F19: =E19*2 -> 4 | G19: 2 | H19: 84.66 | I19: =G19*H19 -> 169.32
C20: camisa de manga longa | D20: pç | E20: 2 | F20: =E20*2 -> 4 | G20: 2 | H20: 130.25 | I20: =G20*H20 -> 260.5
C21: Cinto nylon | D21: pç | E21: 1 | F21: =E21*2 -> 2 | G21: 2 | H21: 39.57 | I21: =G21*H21 -> 79.14
C22: Jaqueta/Japona de Nylon | D22: pç | E22: 1 | F22: =E22*2 -> 2 | G22: 2 | H22: 206.46 | I22: =G22*H22 -> 412.92
C23: Capa de chuva | D23: pç | E23: 1 | F23: =E23*2 -> 2 | G23: 2 | H23: 32.22 | I23: =G23*H23 -> 64.44
C24: Boné ou quepe | D24: pç | E24: 1 | F24: =E24*2 -> 2 | G24: 2 | H24: 22.86 | I24: =G24*H24 -> 45.72
C25: Botas de chuva | D25: unidade | E25: 0.5 | F25: =E25*2 -> 1 | G25: 2 | H25: 45.01 | I25: =G25*H25 -> 90.02
C26: Tênis macio e confortável | D26: par | E26: 1 | F26: =E26*2 -> 2 | G26: 2 | H26: 109.53 | I26: =G26*H26 -> 219.06
C28: CUSTO ANUAL DOS UNIFORMES | I28: =SUM(I18:I27) -> 1641.12
C29: CUSTO MENSAL DOS UNIFORMES | I29: =ROUND(I28/12,2) -> 136.76
B32: INSUMOS DE USO GERAL (ASP)
C35: EQUIPAMENTOS DE USO GERAL - ASP | D35: Unidade | E35: Quantidade a disponibilizar | F35: Depreciação (em meses) | G35: Quantidade Anual | H35: Valor Unitário | I35: Custo Anual
C36: Ponto biométrico | D36: pç | E36: 1 | F36: 60 | G36: =12/F36*E36 -> 0.2 | H36: 1980.49 | I36: =G36*H36 -> 396.098
I37: =G37*H37 -> 0
C38: CUSTO ANUAL DOS EQUIPAMENTOS | I38: =SUM(I36:I37) -> 396.098
C39: CUSTO MENSAL DOS EQUIPAMENTOS | I39: =I38/12 -> 33.008167
B42: QUADRO RESUMO
C45: QUADRO RESUMO - ASP | D45: CUSTO ANUAL | F45: CUSTO MENSAL | H45: Número de Postos | I45: Custo Mensal Total | J45: Custo Mensal por Posto
C46: =C5 -> MATERIAIS - ASP | D46: =I8 -> 6.94 | E46: =SUM(D46:D46) -> 6.94 | F46: =ROUND(D46/12,2) -> 0.58 | H46: 4 | I46: =F46*1*H46 -> 2.32 | J46: =ROUND(I46/H46,2) -> 0.58
C47: =C11 -> EQUIPAMENTOS - ASP | D47: =I14 -> 236.18 | F47: =ROUND(D47/12,2) -> 19.68 | H47: 4 | I47: =F47*1*H47 -> 78.72 | J47: =ROUND(I47/H47,2) -> 19.68
C48: =C17 -> UNIFORMES - ASP (individual para posto) | D48: =I28 -> 1641.12 | F48: =ROUND(D48/12,2) -> 136.76 | H48: 4 | I48: =F48*1*H48 -> 547.04 | J48: =ROUND(I48/H48,2) -> 136.76
C49: =C35 -> EQUIPAMENTOS DE USO GERAL - ASP | D49: =I38 -> 396.098 | F49: =ROUND(D49/12,2) -> 33.01 | H49: 4 | I49: =F49*1 -> 33.01 | J49: =ROUND(I49/H49,2) -> 8.25
C50: TOTAL - ASP | D50: =D46+D47+D48+D49 -> 2280.338 | F50: 205.81 | I50: =I49+I48+I47+I46 -> 661.09 | J50: =J49+J48+J47+J46 -> 165.27

Sheet RESUMO
A2: RESUMO
A3: ANEXO XX do Pregão Nº XX/202X MODELO DE PLANILHA DE CUSTOS E FORMAÇÃO DE PREÇOS
A4: Nº do processo:
A5: Licitação nº:
A6: Dia:
A7: DISCRIMINAÇÃO DOS SERVIÇOS (DADOS REFERENTES À CONTRATAÇÃO)
A8: A | B8: Data de apresentação da proposta (dia/mês/ano)
A9: B | B9: Município/UF | H9: Passo Fundo/RS
A10: C | B10: Ano do Acordo, Convenção ou Dissídio coletivo | H10: 1º de abril de 2024
A11: D | B11: Número de meses de execução contratual | H11: 60
A12: IDENTIFICAÇÃO DO SERVIÇO
A13: O complemento abaixo é uma planilha auxiliar que consolida as várias planilhas com os diferentes tipos de postos
A16: 3. COMPLEMENTO DOS SERVIÇOS DE VIGILÂNCIA – VALOR MENSAL DOS SERVIÇOS
A17: ESCALA DE TRABALHO | E17: PREÇO MENSAL DO POSTO (R$) | G17: NÚMERO DE POSTOS | H17: SUBTOTAL (R$)
A18: Grupo 2 | B18: Item 4 | C18: 44 (quarenta e quatro) horas semanais noturnas, de segunda a sábado envolvendo 1 (um) ASP | E18: ='ASP 44H - NOTURNO (44H)'!I179 -> 4901.41 | G18: 2 | H18: =E18*G18 -> 9802.82
B19: Item 5 | C19: 44 (quarenta e quatro) horas semanais diurnas, de segunda-feira a sábado envolvendo 1 (um) ASP | E19: ='ASP 44H - DIURNO (44H)'!I179 -> 4740.02 | G19: 2 | H19: =E19*G19 -> 9480.04
A21: TOTAL: | H21: =H19+H18 -> 19282.86
A23: Nota: Nos casos de inclusão de outros tipos de postos, observar o disposto no item 4 do Anexo VI-A, desta Instrução Normativa
A25: Valor mensal do serviço | H25: =$H$21 -> 19282.86
A27: Número de meses do contrato | H27: =$H$11 -> 60
A29: Valor global da proposta (valor mensal do serviço x nº de meses do contrato) | H29: =ROUND(H25*H27,2) -> 1156971.6
A31: QUANTIDADE DE PESSOAL ALOCADO NA EXECUÇÃO CONTRATUAL (item 6.2.e do Anexo VII da IN nº 5/2017 e item XXXX do edital)
A32: Tipo de Mão de Obra | D32: Quantidade de Pessoal
A34: ASP Noturno - 44H - segunda à sábado | D34: 2
A35: ASP Diurno - 44H - segunda à sábado | D35: 2
A36: TOTAL | D36: =SUM(D34:I35) -> 4
A39: Prazo de validade do Orçamento: 120 dias
A40: Nome do responsavel pelo orçamento: XXXXXXXXXXXXXXXX
A41: Razão social da empresa: XXXXXXXXXXXXXXXX
A42: CNPJ da empresa: XXXXXXXXXXXXXXXX
A43: Endereço da empresa: XXXXXXXXXXXXXXXX
A44: Telefone da empresa: XXXXXXXXXXXXXXXX
A45: Site da empresa: XXXXXXXXXXXXXXXX
A46: Declaração: Neste orçamento estão inclusos todos os custos e despesas para execução total dos serviços, incluindo impostos, taxas, lucro, custos indiretos, etc.
A49: XXXXXXXXXXXXXXXX, XX de XXXXXXXXXXXXXXXX de 20XX.
C53: assinatura do responsavel pelo orçamanto na empresa
